 Dungeon Crawl Stone Soup version 0.14.0-24-gfb45beb (webtiles) character file.

585 Kae the Firebug (level 6, 0/32 HPs)
             Began as a Tengu Fire Elementalist on Apr 23, 2014.
             Was an Initiate of Vehumet.
             Slain by an orange rat (1 damage)
             ... on Level 5 of the Dungeon.
             The game lasted 00:11:15 (6498 turns).

Kae the Firebug (Tengu Fire Elementalist)           Turns: 6498, Time: 00:11:15

HP   0/32        AC  3     Str 12      XL: 6   Next: 89%
MP  11/15        EV 12     Int 18      God: Vehumet [......]
Gold 175         SH  0     Dex 14      Spells:  3 memorised,  6 levels left

rFire  . . .     SeeInvis .     v - +2,+0 trident (venom)
rCold  . . .     Clarity  .     a - +1 robe
rNeg   . . .     Conserve .     (no shield)
rPois  .         rCorr    .     (helmet restricted)
rElec  .         rRot     .     (no cloak)
SustAb . .       Spirit   .     (no gloves)
rMut   .         Warding  .     (boots unavailable)
Saprov . . .     Stasis   .     (no amulet)
MR     +....                    t - +4 ring of strength
                                f - ring of protection from magic

@: very slightly contaminated, drained, somewhat resistant to hostile
enchantments, fairly stealthy
A: able to fly, beak, talons 3
a: Fly, Renounce Religion


You were on level 5 of the Dungeon.
You worshipped Vehumet.
Vehumet was noncommittal.
You were hungry.

You visited 2 branches of the dungeon, and saw 6 of its levels.

You collected 175 gold pieces.

Inventory:

Hand weapons
 j - a +0,-3 dagger
 v - a +2,+0 trident of venom (weapon)
Armour
 a - a +1 robe (worn)
Comestibles
 c - 4 bread rations
 d - a rotting chunk of quokka flesh
 s - 2 meat rations
Scrolls
 e - 3 scrolls of enchant armour
 h - 6 scrolls of remove curse
 k - 4 scrolls of identify
 l - 2 scrolls of fog
 y - a scroll of fear
Jewellery
 f - a ring of protection from magic (left hand)
 r - an uncursed ring of poison resistance
 t - a +4 ring of strength (right hand)
Potions
 g - 2 potions of brilliance
 p - 2 potions of poison
 w - a potion of porridge
 x - a potion of haste
 z - a potion of curing
Books
 b - a book of Flames

   Spells                             Type                      Level
   *Flame Tongue                      Conjuration/Fire             1
   *Throw Flame                       Conjuration/Fire             2
   *Conjure Flame                     Conjuration/Fire             3
   Inner Flame                        Hexes/Fire                   3
   Sticky Flame                       Conjuration/Fire             4
   Fireball                           Conjuration/Fire             5
 B - a book of Beasts

   Spells                             Type                      Level
   Summon Butterflies                 Summoning                    1
   Call Canine Familiar               Summoning                    3
   Summon Ice Beast                   Ice/Summoning                4
   Summon Mana Viper                  Hexes/Summoning              5
   Monstrous Menagerie                Summoning                    6
   Summon Hydra                       Summoning                    7


   Skills:
 - Level 2.1(1.4) Dodging
 - Level 2.0(1.3) Stealth
 + Level 3.5(2.8) Spellcasting
 * Level 5.4(4.6) Conjurations
 * Level 5.7(4.9) Fire Magic


You had 6 spell levels left.
You knew the following spells:

 Your Spells              Type           Power        Failure   Level  Hunger
a - Flame Tongue          Conj/Fire      ###..        1%          1    None
b - Throw Flame           Conj/Fire      ###...       3%          2    ##.....
c - Conjure Flame         Conj/Fire      ###.....     10%         3    ###....


Dungeon Overview and Level Annotations

Branches:
Dungeon (5/15)             Temple (1/1) D:5

Altars:
Ashenzari
Cheibriados
Fedhas
Nemelex Xobeh
Sif Muna
Vehumet
Xom
Zin


Innate Abilities, Weirdness & Mutations

You can fly.
You have a beak for a mouth.
You have claws for feet.


Message History

Okay, then.
Casting: Flame Tongue
Confirm with . or Enter, or press ? or * to list all spells.
Aiming: Conjure Flame
Press: ? - help, Dir - move target cursor You miscast Conjure Flame.
You are very lightly contaminated with residual magic.
You smell smoke.
The orange rat bites you!
* * * LOW HITPOINT WARNING * * *
Casting: Conjure Flame
Confirm with . or Enter, or press ? or * to list all spells.
Aiming: Flame Tongue
Press: ? - help, Shift-Dir - straight line, f - orange rat
Aim: an orange rat (lightly wounded)
The flame tongue hits the orange rat.
The orange rat is moderately wounded.
The orange rat bites you!
* * * LOW HITPOINT WARNING * * *
You feel drained.
You die...

#...........#
#.........###
####..#####
##.# ##.#
#.## ##.#
#.## ##@#
#r## ## #r##
#. ##.##.
#r#.# #.#r#.#
#.rrr#
#...#%#
#.#..##r#


You could see an orange rat and a rat.

Vanquished Creatures
  2 hounds
  3 worker ants
  An iguana (D:4)
  2 orc wizards (D:3)
  A gnoll (D:1)
  4 adders
  2 green rats (D:5)
  4 worms
  A giant eyeball (D:4)
  2 giant geckos
  2 oozes
  17 orcs
  11 bats
  4 giant cockroaches
  10 goblins
  5 hobgoblins
  2 jackals (D:2)
  12 kobolds
  2 quokkas
  6 giant newts
  A hobgoblin skeleton (D:4)
  11 rats
  2 rat skeletons (D:4)
107 creatures vanquished.

Notes
Turn   | Place    | Note
--------------------------------------------------------------
     0 | D:1      | Kae, the Tengu Fire Elementalist, began the quest for the Orb.
     0 | D:1      | Reached XP level 1. HP: 10/10 MP: 3/3
   362 | D:1      | Reached XP level 2. HP: 7/15 MP: 0/5
  1021 | D:1      | Reached XP level 3. HP: 19/19 MP: 5/7
  1031 | D:1      | Learned a level 2 spell: Throw Flame
  1035 | D:1      | Learned a level 3 spell: Conjure Flame
  1880 | D:2      | Reached XP level 4. HP: 8/24 MP: 5/9
  2161 | D:3      | Reached skill level 4 in Fire Magic
  3224 | D:3      | Reached XP level 5. HP: 18/28 MP: 4/12
  4047 | D:3      | Found a sparkling altar of Nemelex Xobeh.
  4196 | D:4      | Found a glowing silver altar of Zin.
  4197 | D:4      | Noticed an angel
  4198 | D:4      | Found a shimmering altar of Xom.
  4582 | D:4      | Reached skill level 5 in Fire Magic
  4661 | D:4      | Reached XP level 6. HP: 32/32 MP: 12/15
  5057 | D:4      | Paralysed by a giant eyeball for 2 turns
  5064 | D:4      | Paralysed by a giant eyeball for 4 turns
  5068 | D:4      | Reached skill level 5 in Conjurations
  5466 | D:5      | Entered Level 5 of the Dungeon
  5504 | D:4      | Paralysed by a potion of paralysis for 6 turns
  5872 | D:5      | Found a staircase to the Ecumenical Temple.
  6024 | Temple   | Entered the Ecumenical Temple
  6057 | Temple   | Became a worshipper of Vehumet
  6498 | D:5      | HP: 1/32 [orange rat (8)]
  6498 | D:5      | Slain by an orange rat

Action                   |  1- 3 |  4- 6 || total
-------------------------+-------+-------++-------
Melee: Unarmed           |    20 |       ||    20
       Dagger            |    43 |    44 ||    87
       Trident           |       |    45 ||    45
Throw: Tomahawk          |       |     2 ||     2
 Cast: Flame Tongue      |    47 |   111 ||   158
       Conjure Flame     |       |     4 ||     4
       Throw Flame       |       |    39 ||    39
  Use: Potion            |       |     7 ||     7
       Scroll            |       |    14 ||    14
